 Dungeon Crawl Stone Soup version 0.14-a0-1653-g0ad7a2c (webtiles) character file.

3125 Jenx the Basher (level 9, -3/71 HPs)
             Began as a Minotaur Fighter on Dec 24, 2013.
             Was a Believer of Okawaru.
             Killed from afar by an electric eel (17 damage)
             ... with a bolt of electricity
             ... on Level 6 of the Dungeon on Dec 27, 2013.
             The game lasted 00:42:07 (7137 turns).

Jenx the Basher (Minotaur Fighter)                  Turns: 7137, Time: 00:42:07

HP  -3/71        AC 13     Str 21      XL: 9   Next: 47%
MP   4/4         EV  3     Int  5      God: Okawaru [**....]
Gold 252         SH 19     Dex 13      Spells:  0 memorised,  8 levels left

rFire  + . .     SeeInvis .     a - +0,+1 orc flail
rCold  . . .     Clarity  .     o - +2 orc plate armour
rNeg   . . .     Conserve .     c - +0 shield
rPois  .         rCorr    .     (helmet restricted)
rElec  .         rRot     .     (no cloak)
SustAb . .       Spirit   .     (no gloves)
rMut   .         Warding  .     (no boots)
Saprov . . .     Stasis   .     m - amulet of faith
                                s - ring of protection from fire
                                u - ring of sustenance

@: slightly resistant to hostile enchantments, extremely unstealthy
A: retaliatory headbutt, horns 2
a: Heroism, Renounce Religion


You were on level 6 of the Dungeon.
You worshipped Okawaru.
Okawaru was pleased with you.
You were not hungry.

You visited 2 branches of the dungeon, and saw 7 of its levels.

You collected 312 gold pieces.
You spent 60 gold pieces at shops.

Inventory:

Hand weapons
 a - a +0,+1 orcish flail (weapon)
 r - a +2,+4 halberd of flaming
 v - a +2,+0 cutlass of draining
 D - a +2,+1 spear of freezing
Missiles
 A - 6 curare-tipped needles
 F - 4 tomahawks (quivered)
Armour
 c - a +0 shield (worn)
 o - a +2 orcish plate armour (worn)
 E - the +2 robe of Misanthropy {+Inv, unknown}
   (You found it on level 4 of the Dungeon)

   It lets you turn invisible.
Magical devices
 B - a wand of lightning (0)
 C - a wand of random effects (6)
Comestibles
 d - 3 bread rations
 j - 2 meat rations
Scrolls
 b - a scroll of curse armour {unknown}
 e - 7 scrolls of teleportation
 g - a scroll of recharging
 h - a scroll of blinking {unknown}
 i - 6 scrolls of remove curse {unknown}
 p - a scroll of enchant weapon I {unknown}
 t - 2 scrolls of magic mapping {unknown}
 y - 3 scrolls of fog {unknown}
 z - a scroll of enchant armour {unknown}
 K - a scroll of curse jewellery {unknown}
 L - a scroll of immolation {unknown}
 M - a scroll of identify
Jewellery
 m - an amulet of faith (around neck)
 s - a ring of protection from fire (right hand)
 u - a ring of sustenance (left hand)
 G - an uncursed amulet of warding
 H - a +6 ring of intelligence
 J - an uncursed amulet of guardian spirit
Potions
 f - a potion of might
 k - a potion of speed
 l - 2 potions of mutation {!q}
 n - 3 potions of curing
 w - a potion of heal wounds
 x - a potion of brilliance {unknown}
 I - a potion of berserk rage {unknown}


   Skills:
 - Level 4.0 Fighting
 * Level 14.7 Maces & Flails
 - Level 3.8 Armour
 - Level 3.9 Shields


You had 8 spell levels left.
You didn't know any spells.

Dungeon Overview and Level Annotations

Branches:
Dungeon (6/16)             Temple (1/1) D:4

Altars:
Ashenzari
Cheibriados
Elyvilon
Fedhas
Kikubaaqudgha
Makhleb
Nemelex Xobeh
Okawaru
Sif Muna
Trog
Vehumet
Xom
Yredelemnul
Zin
the Shining One

Shops:
D:4 :[   D:6 %*


Innate Abilities, Weirdness & Mutations

You reflexively headbutt those who attack you in melee.
You have a pair of horns on your head.


Message History

You now have 252 gold pieces (gained 11).
Things that are here:
a spear; 8 stones; a club; a leather armour
Things that are here:
a spear You see here a stone.
The jellyfish quivers.
Things that are here:
a whip; a robe The electric eel shoots out a bolt of electricity!
The bolt of electricity hits you!
* * * LOW HITPOINT WARNING * * *
You sock the active ballistomycete!
The active ballistomycete is severely damaged.
You sock the active ballistomycete!
You destroy the active ballistomycete!
Having destroyed the fungal colony, you feel a bit more experienced.
The electric eel shoots out a bolt of electricity!
The bolt of electricity hits you!
You die...

....≈.g. . #..##.....≈≈.........
....≈.. ..##..##).....≈.........
....;.......#''#.......≈...###...
....≈... #......))##...≈...# #...
....≈..####?...%.####..≈...###...
....≈.##..'(....('.?##.≈.........
....≈.##..'....()'..# .≈.........
....≈.)####......#### .≈.........
.......(##.%....@.##...≈.........
(......(()..#''#.......≈.........
.).........##..##......≈.........
(...≈......##..##.....≈≈.........
!..)≈;......####.....≈≈..........
#....≈;≈.....##...≈;≈≈...........
##.....≈≈........≈≈.............#
##.....≈≈≈≈≈≈≈≈≈≈≈............##
###..........................##


You could see an electric eel.

Vanquished Creatures
  The ghost of wojtek the Cudgeler, an average TeGl (D:4)
  Eustachio (D:6)
  An orc warrior (D:5)
  2 phantoms (D:6)
  2 centaurs
  Sigmund (D:6)
  5 gnoll sergeants (D:6)
  Blork the orc (D:5)
  6 crimson imps
  A quasit (D:6)
  A centaur zombie (D:4)
  2 orc priests (D:6)
  8 hounds
  3 gnoll shamans (D:6)
  2 scorpions
  7 orc wizards
  4 worker ants
  Ijyb (D:5)
  33 gnolls
  7 adders
  A giant mite (D:2)
  An inept feature mimic (D:2)
  An inept item mimic (D:4)
  5 worms
  A goliath beetle zombie (D:6)
  A giant eyeball (D:6)
  3 giant geckos
  An ooze (D:6)
  27 orcs
  A ball python (D:3)
  5 giant cockroaches
  7 goblins
  10 hobgoblins
  15 jackals
  A quokka (D:2)
  9 bats
  2 giant newts (D:1)
  11 kobolds
  A kobold skeleton (D:5)
  An orc skeleton (D:5)
  16 rats
  11 ballistomycetes (D:6)
220 creatures vanquished.

Vanquished Creatures (others)
  A giant spore (D:6)
1 creature vanquished.

Grand Total: 221 creatures vanquished

Notes
Turn   | Place    | Note
--------------------------------------------------------------
     0 | D:1      | Jenx, the Minotaur Fighter, began the quest for the Orb.
     0 | D:1      | Reached XP level 1. HP: 19/19 MP: 1/1
   284 | D:1      | Reached XP level 2. HP: 27/27 MP: 1/1
   393 | D:1      | Reached skill level 4 in Fighting
   826 | D:2      | Reached XP level 3. HP: 33/33 MP: 2/2
  1075 | D:2      | Found a shimmering altar of Xom.
  1075 | D:2      | Found a shimmering altar of Xom.
  1076 | D:2      | Found a shimmering altar of Xom.
  1081 | D:2      | Found a shimmering altar of Xom.
  1430 | D:2      | Reached XP level 4. HP: 30/40 MP: 2/2
  1861 | D:3      | Reached skill level 5 in Maces & Flails
  2041 | D:3      | Found an ancient bone altar of Kikubaaqudgha.
  2137 | D:3      | Found a burning altar of Makhleb.
  2689 | D:3      | Reached XP level 5. HP: 46/46 MP: 2/2
  2730 | D:4      | Noticed wojtek's ghost (average TeGl)
  2865 | D:4      | Noticed an ogre
  2897 | D:4      | Reached skill level 6 in Maces & Flails
  2944 | D:4      | Killed wojtek's ghost
  2944 | D:4      | Reached skill level 7 in Maces & Flails
  2944 | D:4      | Reached XP level 6. HP: 11/52 MP: 3/3
  3247 | D:4      | Found Soqarram's Antique Armour Shop.
  3253 | D:4      | Reached skill level 8 in Maces & Flails
  3303 | D:4      | Found Foeczen's Book Emporium.
  3355 | D:5      | Entered Level 5 of the Dungeon
  3622 | D:4      | Got a colourful robe
  3630 | D:4      | Found a staircase to the Ecumenical Temple.
  3636 | Temple   | Entered the Ecumenical Temple
  3846 | Temple   | Upgraded the game from 0.14-a0-1613-gd720e3e to 0.14-a0-1653-g0ad7a2c
  3976 | D:4      | Reached XP level 7. HP: 54/59 MP: 3/3
  4001 | D:4      | Reached skill level 9 in Maces & Flails
  4095 | D:5      | Noticed Ijyb
  4106 | D:5      | Killed Ijyb
  4278 | D:5      | Noticed Blork the orc
  4301 | D:5      | Killed Blork the orc
  4487 | D:5      | Reached skill level 10 in Maces & Flails
  4502 | D:5      | Paralysed by a crimson imp for 6 turns
  4515 | D:5      | Paralysed by a crimson imp for 5 turns
  5090 | D:6      | Noticed Eustachio
  5099 | D:6      | Killed Eustachio
  5099 | D:6      | Reached skill level 11 in Maces & Flails
  5099 | D:6      | Reached XP level 8. HP: 58/66 MP: 3/3
  5111 | D:6      | Found an iron altar of Okawaru.
  5116 | D:6      | Became a worshipper of Warmaster Okawaru
  5379 | D:6      | Found Sary's Assorted Antiques.
  5387 | D:6      | Bought a scroll of identify for 60 gold pieces
  5632 | D:6      | Reached skill level 12 in Maces & Flails
  6064 | D:6      | Acquired Okawaru's first power
  6198 | D:6      | Reached skill level 13 in Maces & Flails
  6336 | D:6      | Reached XP level 9. HP: 51/71 MP: 4/4
  6665 | D:6      | Found a blossoming altar of Fedhas.
  6725 | D:6      | Found Khigar Tree's Food Shoppe.
  6787 | D:6      | Reached skill level 14 in Maces & Flails
  6974 | D:6      | Noticed Sigmund
  6997 | D:6      | Killed Sigmund
  7137 | D:6      | Killed from afar by an electric eel

Action                   |  1- 3 |  4- 6 |  7- 9 || total
-------------------------+-------+-------+-------++-------
Melee: Mace              |    81 |   173 |   103 ||   357
       Flail             |       |       |   382 ||   382
Throw: Tomahawk          |       |       |     1 ||     1
Invok: Heroism           |       |       |     2 ||     2
Evoke: Wand              |       |     1 |    10 ||    11
  Use: Scroll            |     4 |     4 |     9 ||    17
       Potion            |       |     1 |     5 ||     6
